 Dungeon Crawl Stone Soup version 0.27-a0-1334-g2746e35aca (webtiles) character file.

Game seed: 12786921231946850539

338 Gargoyl the Skirmisher (level 6, -12/53 HPs)
             Began as a Gnoll Abyssal Knight on June 26, 2021.
             Was a Believer of Lugonu.
             Mangled by an ogre (26 damage)
             ... on level 4 of the Dungeon.
             The game lasted 00:05:35 (3807 turns).

Gargoyl the Skirmisher (Gnoll Abyssal Knight)       Turns: 3807, Time: 00:05:35

Health: -12/53     AC: 12    Str: 13    XL:     6   Next: 55%
Magic:  9/9        EV:  7    Int: 11    God:    Lugonu [**....]
Gold:   206        SH:  0    Dex: 12    Spells: 9/9 levels left

rFire    . . .     SeeInvis +   g - +1 falchion (vamp)
rCold    . . .     Faith    .   (no shield)
rNeg     . . .     Spirit   .   j - +0 chain mail
rPois    .         Reflect  .   (no helmet)
rElec    .         Harm     .   c - +0 cloak
rCorr    +         Rampage  .   (no gloves)
Will     .....                  e - +0 pair of boots
Stlth    ..........             (no amulet)
HPRegen  0.17/turn              k - ring of resist corrosion
MPRegen  0.11/turn              l - ring of see invisible

@: no status effects
A: fangs 1, strong nose, distributed training
a: Renounce Religion, Depart the Abyss, Bend Space


You were on level 4 of the Dungeon.
You worshipped Lugonu.
Lugonu was pleased with you.
You visited 1 branch of the dungeon, and saw 4 of its levels.
You visited the Abyss 1 time.

You collected 206 gold pieces.

Inventory:

Hand Weapons
 a - a +1 hand axe
 g - a +1 vampiric falchion (weapon)
Missiles
 m - 6 javelins (quivered)
Armour
 c - a +0 cloak (worn)
 e - a +0 pair of boots (worn)
 j - a +0 chain mail (worn)
Jewellery
 k - a ring of resist corrosion (left hand)
 l - a ring of see invisible (right hand)
 n - a +6 ring of strength
Scrolls
 i - a scroll of summoning {unknown}
 o - a scroll of teleportation
Potions
 b - 2 potions of invisibility
 d - 2 potions of lignification
 f - 2 potions of brilliance
 h - a potion of resistance {unknown}


   Skills:
 + Level 6.8 Fighting
 + Level 2.0 Short Blades
 + Level 2.0 Long Blades
 + Level 5.0 Axes
 + Level 2.0 Maces & Flails
 + Level 2.0 Polearms
 + Level 2.0 Staves
 + Level 2.0 Slings
 + Level 2.0 Bows
 + Level 2.0 Crossbows
 + Level 2.0 Throwing
 + Level 5.0 Armour
 + Level 3.3 Dodging
 + Level 2.0 Stealth
 + Level 2.0 Shields
 + Level 2.0 Unarmed Combat
 + Level 2.0 Spellcasting
 + Level 1.6 Conjurations
 + Level 1.6 Hexes
 + Level 1.6 Summonings
 + Level 1.6 Necromancy
 + Level 1.6 Translocations
 + Level 1.6 Transmutations
 + Level 1.6 Fire Magic
 + Level 1.6 Ice Magic
 + Level 1.6 Air Magic
 + Level 1.6 Earth Magic
 + Level 1.6 Poison Magic
 + Level 5.1 Invocations
 + Level 2.0 Evocations


You had 9 spell levels left.
You didn't know any spells.
Your spell library was empty.

Dungeon Overview and Level Annotations

Branches:
Dungeon (4/15)
 Temple: D:4-7

Altars:
Nemelex Xobeh

Shops:
D:1 (   D:3 (


Innate Abilities, Weirdness & Mutations

You have very sharp teeth.
Your uncanny sense of smell can sniff out nearby items.
Your experience applies equally to all skills.


Message History

Press: ? - help, Q - select action, (/) - cycle Shift-Dir - straight line, f - ogre
Aim: an ogre, wielding a +0 giant club (75% to hit)
You throw a javelin. The javelin barely misses the ogre.
Unknown command.
Throw: 8 javelins
Press: ? - help, Q - select action, (/) - cycle Shift-Dir - straight line, f/p - ogre
Aim: an ogre, wielding a +0 giant club (74% to hit)
You throw a javelin. The javelin barely misses the ogre.
Unknown command.
Throw: 7 javelins
Press: ? - help, Q - select action, (/) - cycle Shift-Dir - straight line, f/p - ogre
Aim: an ogre, wielding a +0 giant club (75% to hit)
You throw a javelin. The javelin pierces through the ogre.
The ogre is lightly wounded.
Unknown command.
You barely miss the ogre.
The ogre is lightly wounded.
The ogre barely misses you.
You riposte.
You hit the ogre.
The ogre is lightly wounded.
You hit the ogre but do no damage.
The ogre is lightly wounded.
The ogre hits you with a +0 giant club!!
You hit the ogre.
You feel better.
You bite the ogre, but do no damage.
The ogre is moderately wounded.
The ogre hits you with a +0 giant club!
You barely miss the ogre.
The ogre is moderately wounded.
The ogre hits you with a +0 giant club.
You hit the ogre.
You feel better.
You bite the ogre, but do no damage.
The ogre is heavily wounded.
The ogre barely misses you.
You riposte.
You hit the ogre.
The ogre is severely wounded.
You hit the ogre.
You feel better.
The ogre is severely wounded.
The ogre hits you with a +0 giant club!!
* * * LOW HITPOINT WARNING * * *
You hit the ogre.
You feel better.
The ogre is almost dead.
The ogre hits you with a +0 giant club!!
You die...

##.......## ##.
...###...# ... ....##...#
#(...........# ###
....##...# #............+
....##...# #........
.........# #........
.........# #........
.#.......# #........
.#.......# ##O.......
...############.@.......
........................
........................
................)###....
........................
........................
...................... .
...................... .#
#####..............#.#..#
#


You could see an ogre.

Vanquished Creatures
  Eustachio (D:4)
  A scorpion (D:4)
  An iguana (D:4)
  4 adders
  3 adder skeletons (D:4)
  A worm (D:2)
  A dart slug (D:3)
  4 orcs (D:4)
  5 bats
  9 endoplasms
  A giant cockroach (D:1)
  2 goblins
  8 hobgoblins
  4 jackals (D:3)
  2 kobolds (D:3)
  4 quokkas
  7 ball pythons
  7 frilled lizards
  4 rats
69 creatures vanquished.

Notes
Turn   | Place    | Note
-------+----------+-------------------------------------------
     0 | Abyss:1  | Gargoyl the Gnoll Abyssal Knight began the quest for the
                  | Orb.
     0 | Abyss:1  | Reached XP level 1. HP: 23/23 MP: 3/3
    38 | Abyss:2  | Noticed a small abomination
    53 | D:1      | Escaped the Abyss
   338 | D:1      | Reached XP level 2. HP: 29/29 MP: 5/5
   360 | D:1      | Found Icaemoig's Antique Weapon Shop.
   373 | D:1      | Reached * piety under Lugonu
   981 | D:2      | Reached XP level 3. HP: 28/35 MP: 6/6
  1196 | D:2      | Found a faded altar of an unknown god.
  1871 | D:3      | Reached skill level 1 in Short Blades
  1871 | D:3      | Reached skill level 1 in Long Blades
  1871 | D:3      | Reached skill level 1 in Maces & Flails
  1871 | D:3      | Reached skill level 1 in Polearms
  1871 | D:3      | Reached skill level 1 in Staves
  1871 | D:3      | Reached skill level 1 in Slings
  1871 | D:3      | Reached skill level 1 in Bows
  1871 | D:3      | Reached skill level 1 in Crossbows
  1871 | D:3      | Reached skill level 1 in Throwing
  1871 | D:3      | Reached skill level 1 in Stealth
  1871 | D:3      | Reached skill level 1 in Shields
  1871 | D:3      | Reached skill level 1 in Unarmed Combat
  1871 | D:3      | Reached skill level 1 in Spellcasting
  1871 | D:3      | Reached skill level 1 in Evocations
  2021 | D:3      | Reached XP level 4. HP: 41/41 MP: 7/7
  2225 | D:3      | Reached ** piety under Lugonu
  2397 | D:3      | Found Negh's Weapon Emporium.
  2491 | D:3      | Reached skill level 1 in Conjurations
  2491 | D:3      | Reached skill level 1 in Hexes
  2491 | D:3      | Reached skill level 1 in Summonings
  2491 | D:3      | Reached skill level 1 in Necromancy
  2491 | D:3      | Reached skill level 1 in Translocations
  2491 | D:3      | Reached skill level 1 in Transmutations
  2491 | D:3      | Reached skill level 1 in Fire Magic
  2491 | D:3      | Reached skill level 1 in Ice Magic
  2491 | D:3      | Reached skill level 1 in Air Magic
  2491 | D:3      | Reached skill level 1 in Earth Magic
  2491 | D:3      | Reached skill level 1 in Poison Magic
  2703 | D:4      | Reached XP level 5. HP: 20/47 MP: 8/8
  3181 | D:4      | Found a sparkling altar of Nemelex Xobeh.
  3188 | D:4      | Noticed Eustachio
  3239 | D:4      | Killed Eustachio
  3240 | D:4      | Reached skill level 5 in Axes
  3240 | D:4      | Reached skill level 5 in Armour
  3240 | D:4      | Reached skill level 5 in Invocations
  3240 | D:4      | Reached XP level 6. HP: 28/53 MP: 9/9
  3807 | D:4      | Mangled by an ogre

Illustrated notes

Levels and vault maps discovered:
D:1:      scummos_arrival_forest, layout_basic, serial_shops,
          nicolae_shop_waterfront
D:2:      layout_loops_cross, hellmonk_ecumenical_altar_lost_god
D:3:      layout_basic, serial_shops, shop, minmay_shallow_snake_nest
D:4:      layout_basic, worldfamousw_hep_ancestral_shrine,
          nicolae_overflow_crystal_walls, nicolae_wu_jian_immortal_techniques,
          kennysheep_generic_room_5, uniq_eustachio

Skill      XL: |  1  2  3  4  5 |
---------------+----------------+-----
Short Blades   | 1 2 |  2.0
Long Blades    | 1 2 |  2.0
Maces & Flails | 1 2 |  2.0
Polearms       | 1 2 |  2.0
Staves         | 1 2 |  2.0
Slings         | 1 2 |  2.0
Bows           | 1 2 |  2.0
Crossbows      | 1 2 |  2.0
Throwing       | 1 2 |  2.0
Stealth        | 1 2 |  2.0
Shields        | 1 2 |  2.0
Unarmed Combat | 1 2 |  2.0
Spellcasting   | 1 2 |  2.0
Evocations     | 1 2 |  2.0
Conjurations   | 1 |  1.6
Hexes          | 1 |  1.6
Summonings     | 1 |  1.6
Necromancy     | 1 |  1.6
Translocations | 1 |  1.6
Transmutations | 1 |  1.6
Fire Magic     | 1 |  1.6
Ice Magic      | 1 |  1.6
Air Magic      | 1 |  1.6
Earth Magic    | 1 |  1.6
Poison Magic   | 1 |  1.6
Dodging        | 3 |  3.3
Axes           | 5 |  5.0
Armour         | 5 |  5.0
Invocations    | 5 |  5.1
Fighting       | |  6.8

Action                   |  1- 3 |  4- 6 || total
-------------------------+-------+-------++-------
Melee: Hand axe          |   111 |   102 ||   213
       Bite              |     7 |    13 ||    20
       Falchion          |       |    22 ||    22
Throw: Javelin           |       |    15 ||    15
Invok: Depart the Abyss  |     1 |       ||     1
  Use: Scroll            |     7 |     3 ||    10
       Potion            |       |     5 ||     5
Armor: Ring mail         |    49 |       ||    49
       Leather armour    |     1 |       ||     1
       Chain mail        |    23 |   113 ||   136
       Skin              |       |    74 ||    74
Dodge: Dodged            |    57 |    75 ||   132
       Rpst.: Falchion   |       |     5 ||     5

Table legend: (Time is in decaauts)
 A = Elapsed time spent in this place.
 B = Non-inter-level travel time spent in this place.
 C = Inter-level travel time spent in this place.
 D = Time resting spent in this place.
 E = Time spent auto-exploring this place.
 F = Levels seen in this place.
 G = Mean time per level.
                   A        B        C        D        E       F      G
               +--------+--------+--------+--------+--------+-----+--------+
         Total |   3840 |   3749 |     91 |      4 |   2993 |   6 |  640.0 |
       Dungeon |   3787 |   3696 |     91 |      4 |   2992 |   4 |  946.8 |
         Abyss |     52 |     52 |      0 |      0 |      1 |   2 |   26.0 |
               +--------+--------+--------+--------+--------+-----+--------+

Top non-repeatable levels by time:
     D:4: 1139 daAuts
     D:3: 932 daAuts
     D:2: 862 daAuts
     D:1: 853 daAuts
 Abyss:2: 46 daAuts
 Abyss:1: 6 daAuts
